 Dungeon Crawl Stone Soup version 0.30-a0-1160-g6e42c06551 (webtiles) character file.

Game seed: 13404364791397709984

216906 hwolsky the Warrior (level 18, 0/178 HPs)
             Began as a Minotaur Fighter on Apr 24, 2023.
             Was a High Priest of Okawaru.
             Slain by a snapping turtle (42 damage)
             ... on level 4 of the Shoals on Apr 25, 2023.
             The game lasted 02:17:59 (26934 turns).

hwolsky the Warrior (Minotaur Fighter)             Turns: 26934, Time: 02:17:59

Health: 0/178      AC: 28    Str: 38    XL:     18   Next: 37%
Magic:  19/24      EV:  2    Int:  5    God:    Okawaru [*****.]
Gold:   2663       SH:  0    Dex: 19    Spells: 17/17 levels left

rFire   + . .        Y - +8 broad axe of Scorn {freeze, rN+ Str+3 Dex+4}
rCold   . . .        W - +1 kite shield {rPois}
rNeg    + . .        C - +1 storm dragon scales of the Monkey {Contam rElec Dex+2 Slay+5}
rPois   +            a - +0 hat
rElec   +            h - +0 cloak "Ziup Gorgh" {Rampage rF+ Regen+}
rCorr   .            E - +1 pair of gloves {Stlth+}
SInv    .            D - +2 pair of boots {Stlth+}
Will    +....        J - amulet of reflection
Stlth   +            j - ring of Syndicalism {Wiz Str+9}
HPRegen 1.29/turn    U - ring of flight
MPRegen 0.19/turn

%: reflection, rampage, wizardry (x1)
@: sleeping, afraid, finesse-ful, flying, unable to drink
A: horns 2, retaliatory headbutt, screaming 2, inability to drink after injury 1
}: 1/15 runes: serpentine
a: Renounce Religion, Heroism, Finesse, Duel


You were on level 4 of the Shoals.
You worshipped Okawaru.
Okawaru was extremely pleased with you.
You visited 6 branches of the dungeon, and saw 31 of its levels.
You also visited: Ossuary and Gauntlet.

You collected 4301 gold pieces.
You spent 1638 gold pieces at shops.

Inventory:

Hand Weapons
 Y - the +8 broad axe of Scorn (weapon) {freeze, rN+ Str+3 Dex+4}
   (Okawaru gifted it to you on level 1 of the Snake Pit)

   Str:       It affects your strength (+3).
   Dex:       It affects your dexterity (+4).
   rN:        It protects you from negative energy.
Missiles
 c - 6 curare-tipped darts
 d - 5 silver javelins
 M - 4 silver boomerangs
 N - 13 javelins (quivered)
 P - a throwing net
Armour
 a - a +0 hat (worn)
 h - the +0 cloak "Ziup Gorgh" (worn) {Rampage rF+ Regen+}
   (You acquired it on level 1 of the Dungeon)

   rF:        It protects you from fire.
   Regen:     It increases your rate of health regeneration.
   Rampage:   It bestows one free step when moving towards enemies.
 C - the +1 storm dragon scales of the Monkey (worn) {Contam rElec Dex+2 Slay+5}
   (You found it on level 14 of the Dungeon)

   Dex:       It affects your dexterity (+2).
   Slay:      It affects your accuracy & damage with ranged weapons and melee
   (+5).
   rElec:     It insulates you from electricity.
   Contam:    It causes magical contamination when unequipped.
 D - a +2 pair of boots of stealth (worn)
 E - a +1 pair of gloves of stealth (worn)
 W - a +1 kite shield of poison resistance (worn)
Jewellery
 j - the ring of Syndicalism (left hand) {Wiz Str+9}
   (You found it in a Gauntlet)

   [ring of wizardry]

   It improves your spell success rate.
   Str:       It affects your strength (+9).
 n - a ring of protection from cold
 p - a ring of fire
 u - a +4 ring of protection
 B - a +5 ring of evasion
 J - an amulet of reflection (around neck)
 T - a ring of willpower
 U - a ring of flight (right hand)
Wands
 e - a wand of roots (3)
 q - a wand of polymorph (26)
 r - a wand of flame (8)
 y - a wand of digging (7)
 L - a wand of paralysis (26)
Scrolls
 b - a scroll of blinking
 g - 13 scrolls of teleportation
 l - 4 scrolls of fog
 m - 2 scrolls of brand weapon
 s - 5 scrolls of fear
 t - 24 scrolls of identify
 v - 7 scrolls of amnesia
 w - a scroll of poison
 F - a scroll of silence
 K - a scroll of acquirement
 S - 2 scrolls of summoning
 Z - 2 scrolls of enchant weapon
Potions
 f - 18 potions of curing
 i - 5 potions of brilliance
 k - 3 potions of heal wounds
 o - 2 potions of haste
 x - 2 potions of ambrosia
 z - 3 potions of berserk rage
 A - a potion of resistance
 H - 6 potions of magic
 I - 3 potions of might
 R - 3 potions of lignification
 X - 2 potions of flight
Miscellaneous
 G - a phial of floods
 O - a condenser vane


   Skills:
 + Level 20.1 Fighting
 - Level 18.0 Axes
 + Level 7.4 Throwing
 + Level 20.1 Armour
 + Level 19.1 Shields
 - Level 10.0 Invocations


You had 17 spell levels left.
You didn't know any spells.
Your spell library contained the following spells:

 Spells                   Type           Power      Damage    Failure   Level
 Sandblast                Erth           0%         2d4       45%         1
 Slow                     Hex            0%         N/A       45%         1
 Ensorcelled Hibernation  Hex/Ice        0%         N/A       61%         2
 Lesser Beckoning         Tloc           0%         N/A       61%         2
 Passwall                 Tmut/Erth      0%         N/A       61%         2
 Confusing Touch          Hex            0%         N/A       82%         3
 Dazzling Flash           Conj/Hex       0%         N/A       82%         3
 Gell's Gravitas          Tloc           0%         N/A       82%         3
 Hailstorm                Conj/Ice       0%         3d3       82%         3
 Portal Projectile        Hex/Tloc       0%         N/A       82%         3
 Spider Form              Tmut/Pois      0%         N/A       82%         3
 Stone Arrow              Conj/Erth      0%         3d7       82%         3
 Teleport Other           Tloc           0%         N/A       82%         3
 Vampiric Draining        Necr           0%         2d6       82%         3
 Volatile Blastmotes      Fire/Tloc      0%         2d10      82%         3
 Anguish                  Hex/Necr       0%         N/A       99%         4
 Fulminant Prism          Conj/Hex       0%         3d5       99%         4
 Ice Form                 Ice/Tmut       0%         N/A       99%         4
 Iskenderun's Mystic Bla  Conj/Tloc      0%         2d3       99%         4
 Passage of Golubria      Tloc           0%         N/A       99%         4
 Agony                    Necr           0%         N/A       100%        5
 Alistair's Intoxication  Tmut/Pois      0%         N/A       100%        5
 Blade Hands              Tmut           0%         N/A       100%        5
 Borgnjor's Vile Clutch   Necr/Erth      0%         N/A       100%        5
 Irradiate                Conj/Tmut      0%         3d11      100%        5
 Iskenderun's Battlesphe  Conj           0%         2d6       100%        5
 Lee's Rapid Deconstruct  Erth           0%         3d4*      100%        5
 Silence                  Hex/Air        0%         N/A       100%        5
 Yara's Violent Unravell  Hex/Tmut       0%         3d3       100%        5
 Eringya's Noxious Bog    Tmut/Pois      0%         N/A       100%        6
 Iron Shot                Conj/Erth      0%         9d1       100%        6
 Dragon Form              Tmut           0%         N/A       100%        7
 Tukima's Dance           Hex            Unusable   N/A       N/A         3
 Simulacrum               Ice/Necr       Unusable   N/A       N/A         6
 Spellforged Servitor     Conj/Summ      Unusable   N/A       N/A         7

Dungeon Overview and Level Annotations

Branches:
Dungeon (15/15)            Temple (1/1) D:5            Lair (5/5) D:11
 Shoals (4/4) Lair:3        Snake (4/4) Lair:3        Slime (0/5) Lair:4
    Orc (2/2) D:11            Elf (0/3) Orc:2        Vaults (0/5) D:14
 Depths (0/4) D:15        Ossuary (visited)         Gauntlet (visited)

Altars:
Ashenzari
Cheibriados
Dithmenos
Elyvilon
Fedhas
Gozag
Hepliaklqana
Kikubaaqudgha
Makhleb
Nemelex Xobeh
Okawaru
Qazlal
Ru
Sif Muna
Trog
Uskayaw
Vehumet
Wu Jian
Xom
Yredelemnul
Zin
The Shining One

Shops:
D:2 (   D:3 ?   D:5 !   D:6 !   D:8 ?(   D:15 ?   Orc:2 *!:   Snake:1 *
Snake:4 =:=

Portals:
Pandemonium: Orc:2
Trove: D:10 (give horn of Geryon)

Annotations:
Lair:4 exclusion: 4 oklob plants


Innate Abilities, Weirdness & Mutations

You have a pair of horns on your head.
You reflexively headbutt those who attack you in melee.
You frequently scream uncontrollably at your foes.
You occasionally lose the ability to drink potions when taking damage.


Message History

The merfolk javelineer throws a javelin.
The javelin pierces through you!!
The satyr unwields a +0 spear.
The satyr wields a +0 longbow.
The satyr shoots an arrow.
You block the arrow with an invisible shield... and reflect it back!
The arrow hits the satyr!!
The snapping turtle barely misses you.
The merfolk javelineer throws a silver javelin.
The silver javelin pierces through you but does no damage.
The silver sears you!
The merfolk javelineer throws a javelin.
The javelin pierces through you!
The satyr shoots an arrow.
The arrow hits you. You block the snapping turtle's attack.
The merfolk javelineer throws a silver javelin.
The silver javelin pierces through you but does no damage.
The silver sears you!
The merfolk javelineer throws a javelin.
The javelin pierces through you!
The satyr shoots an arrow.
You block the arrow with an invisible shield... and reflect it back!
The arrow hits the satyr!!!
You can now deal lightning-fast blows.
You block the snapping turtle's attack.
The merfolk javelineer throws a silver javelin.
The silver javelin completely misses you.
The merfolk javelineer throws a javelin.
The javelin pierces through you!
The satyr shoots an arrow.
The arrow hits you!
* * * LOW HITPOINT WARNING * * *
There are monsters nearby!
You are too injured to fight recklessly!
You block the snapping turtle's attack.
The merfolk javelineer throws a silver javelin.
The silver javelin pierces through you!
* * * LOW HITPOINT WARNING * * *
The silver sears you!
* * * LOW HITPOINT WARNING * * *
The silver javelin pierces through the snapping turtle but does no damage.
The satyr plays a lulling melody on his pipes!
You fall asleep.
The snapping turtle bites you!!!
You feel threatened and lose the ability to drink potions!
You die...

≈≈≈≈≈≈≈≈≈≈≈≈≈≈≈≈≈≈~~~~~~~
~~≈≈≈≈≈≈≈≈≈≈≈≈≈≈)~~~~..~~
~~~~≈≈≈≈≈≈≈≈≈≈≈()~~~...~~
.~~~~≈≈≈≈≈≈≈≈≈~~~~.....~~
..~~~≈≈≈≈≈≈≈≈≈~~~~.......
...~~≈≈≈≈≈≈≈≈~~)~.^.....~
...~~~≈≈≈≈#####~~......~~
...~~~≈≈≈##...##.t.....~~
....~~≈≈≈#.....#@.......~
....~~~~~#..φmc).........
....~~~~~#....m#........
....~~..~##...##.......~
..~~~...†.#####~~.....~~
..~~.........~~~~~~!.~~~
..~.....##...~~~~~~~~~~.
.......###....~≈≈≈~~~~.<
.~~~...###.~.~≈≈≈≈~~~~..


You could see 2 merfolk javelineers, a satyr (scary) and a snapping turtle.

Vanquished Creatures
  Vashnia (Snake:2)
  Jorgrun (Shoals:2)
  6 nagarajas
  The ghost of Sobieck the Unseen, an adept KoBr of Wu Jian (Snake:1)
  Azrael (D:12)
  The ghost of Ybuibof the Markself, a journeyman DEHu of Hepliaklqana (Orc:1)
  The ghost of Mihiasuf the Geomancer, a journeyman MeEE of Hepliaklqana (Lair:1)
  A minotaur (Gauntlet)
  Snorg (D:13)
  2 merfolk javelineers
  A dire elephant (Lair:5)
  Josephine (Shoals:1)
  A fire dragon (Lair:5)
  4 merfolk impalers
  2 salamander tyrants (Snake:4)
  Fannar (Orc:1)
  A vault guard (D:14)
  6 hydras
  2 demonspawn (Orc:2)
  6 boulder beetles
  18 anacondas
  Erica (Lair:1)
  6 merfolk aquamancers
  The ghost of NateTC the Fighter, a journeyman GrFi of Okawaru (D:10)
  4 centaur warriors
  8 two-headed ogres
  4 satyrs
  A dancing weapon (Orc:1)
  12 naga warriors
  A titan zombie (D:15)
  4 orc high priests (Orc:2)
  Nergalle (Lair:2)
  Urug (D:10)
  10 shock serpents
  16 naga sharpshooters
  3 salamander mystics
  Sonja (Orc:1)
  A titan skeleton (D:15)
  2 skysharks
  A fire crab (Lair:2)
  A fire crab (shapeshifter) (D:15)
  6 skeletal warriors
  A shadow wraith (D:14)
  An iron troll (D:14)
  A flayed ghost (D:15)
  8 naga ritualists
  9 sea snakes
  An obsidian statue (Snake:1)
  3 phantasmal warriors
  Pikel (D:7)
  5 orc knights (Orc:2)
  A wizard (Gauntlet)
  An orange crystal statue (D:14)
  A swamp dragon (Lair:5)
  4 lindwurms (Snake:4)
  A necromancer (D:15)
  A deep elf pyromancer (D:12)
  7 orc sorcerers (Orc:2)
  10 mana vipers
  10 ugly things
  17 fauns
  13 manticores
  8 cyclopes
  55 black mambas
  12 salamanders
  A frost giant skeleton (D:15)
  7 merfolk sirens
  9 elephants
  7 guardian serpents
  A rust devil (Gauntlet)
  Maurice (Orc:1)
  14 naga magi
  A smoke demon (Orc:2)
  A torpor snail (Lair:3)
  7 water nymphs
  A gargoyle (D:12)
  Joseph (D:9)
  8 cane toads
  5 rime drakes
  3 kobold demonologists (D:9)
  A yaktaur (D:11)
  The ghost of Zvl3 the Ruffian, an amateur TrGl (D:3)
  11 komodo dragons
  A wind drake (shapeshifter) (D:14)
  5 trolls
  9 polar bears (Lair:5)
  13 merfolk
  A hellwing (Orc:2)
  5 wind drakes
  4 raiju (Lair:5)
  A hornet (shapeshifter) (D:14)
  Prince Ribbit (D:5)
  4 snapping turtles
  12 dream sheep
  5 blink frogs (Lair:3)
  7 wraiths
  4 slime creatures (D:15)
  A ynoxinul (Gauntlet)
  A shadow (D:12)
  A vampire (D:12)
  3 fire elementals (D:12)
  6 wyverns
  3 water elementals
  Eustachio (D:5)
  7 vampire mosquitoes
  5 basilisks
  3 neqoxecs
  31 yaks
  4 steam dragons
  A human (shapeshifter) (D:13)
  2 chaos spawn (Gauntlet)
  8 wargs
  A glowing shapeshifter zombie (D:15)
  41 nagas
  17 hell hounds
  4 acid dragons
  26 water moccasins
  24 orc warriors
  3 sky beasts
  11 black bears (Lair:5)
  6 ogres
  31 wolves
  4 centaurs
  3 lemures (D:7)
  A phantom (D:4)
  4 elf zombies (Ossuary)
  2 kobold brigands
  10 bullfrogs
  3 gnoll sergeants
  2 scorpions
  11 wights
  12 killer bees
  4 howler monkeys
  3 human zombies (Ossuary)
  6 centaur zombies
  3 hounds
  4 jellies
  Crazy Yiuf (D:7)
  23 orc priests
  2 iron imps (Gauntlet)
  3 sleepcaps
  8 iguanas
  15 orc wizards
  A killer bee zombie (D:8)
  3 mummies (Ossuary)
  A howler monkey zombie (D:8)
  9 gnolls
  10 adders
  A shadow imp (D:8)
  4 white imps
  An ufetubus (D:6)
  64 orcs
  2 bats (D:1)
  3 endoplasms
  5 giant cockroaches
  7 goblins
  A hobgoblin (D:4)
  4 jackals (D:1)
  3 quokkas
  4 ball pythons
  6 frilled lizards
  18 kobolds
  4 rats
  A bush (Lair:5)
  2 plants (Shoals:3)
986 creatures vanquished.

Vanquished Creatures (others)
  A merfolk aquamancer (Shoals:4)
  A naga sharpshooter (Snake:3)
  A wizard (Gauntlet)
  An iguana (Lair:5)
  21 fungi
  129 plants
  6 withered plants
160 creatures vanquished.

Grand Total: 1146 creatures vanquished

Notes
Turn   | Place    | Note
-------+----------+-------------------------------------------
     0 | D:1      | hwolsky the Minotaur Fighter began the quest for the Orb.
     0 | D:1      | Reached XP level 1. HP: 19/19 MP: 0/0
   582 | D:1      | Reached XP level 2. HP: 27/27 MP: 1/1
   645 | D:1      | Found a faded altar of an unknown god.
  1029 | D:1      | Identified a scroll of acquirement
  1029 | D:1      | Acquired the +0 cloak "Ziup Gorgh" {Rampage rF+ Regen+}
  1184 | D:2      | Identified the +1 robe of the Kettle-Drum {Archmagi}
  1191 | D:2      | Found Teps's Weapon Emporium.
  1437 | D:2      | Reached XP level 3. HP: 32/33 MP: 2/2
  1749 | D:2      | Bought 2 poisoned darts for 13 gold pieces
  1770 | D:3      | Found a basalt altar of Yredelemnul.
  1771 | D:3      | Found a shimmering blue altar of Sif Muna.
  1772 | D:3      | Found an iron altar of Okawaru.
  1791 | D:3      | Became a worshipper of Warmaster Okawaru
  1833 | D:3      | Found Polourratys's Magic Scroll Shop.
  1855 | D:3      | Bought a scroll of identify for 24 gold pieces
  1855 | D:3      | Bought a scroll of identify for 24 gold pieces
  1864 | D:3      | Identified the +3 short sword of Egycrurr {venom, *Slow
                  | +Blink rPois rCorr Str+2}
  1897 | D:3      | Reached skill level 10 in Axes
  1897 | D:3      | Reached XP level 4. HP: 49/49 MP: 3/3
  1908 | D:3      | Reached XP level 5. HP: 47/55 MP: 4/4
  1962 | D:3      | Identified the +2 leather armour of the Ninety-Nine Xenops
                  | {rC++ rN+++ Int-4}
  1996 | D:3      | Found a runed translucent gate.
  1996 | D:3      | Found a runed translucent gate.
  1996 | D:3      | Found a runed translucent gate.
  2000 | D:3      | Noticed Zvl3's ghost (amateur TrGl)
  2332 | D:3      | Killed Zvl3's ghost
  2332 | D:3      | Reached * piety under Okawaru
  2333 | D:3      | Reached XP level 6. HP: 36/62 MP: 2/5
  2522 | D:4      | Reached XP level 7. HP: 67/69 MP: 4/6
  2628 | D:4      | Reached ** piety under Okawaru
  2761 | D:4      | You fall into a shaft and drop 2 floors!
  2813 | D:6      | Reached skill level 5 in Armour
  2813 | D:6      | Reached skill level 5 in Shields
  2879 | D:5      | Entered Level 5 of the Dungeon
  2897 | D:5      | Reached XP level 8. HP: 70/78 MP: 5/7
  3018 | D:5      | Found a sand-covered staircase.
  3026 | Ossuary  | Entered an ossuary
  3112 | Ossuary  | Reached *** piety under Okawaru
  3233 | D:5      | Noticed Prince Ribbit
  3246 | D:5      | Killed Prince Ribbit
  3588 | D:5      | Identified the +3 spear of Accidental Termination {heavy,
                  | *Slow rElec Dex+3 SInv}
  3605 | D:5      | Found a staircase to the Ecumenical Temple.
  3620 | Temple   | Entered the Ecumenical Temple
  3837 | D:5      | Identified the amulet "Foxze" {RegenMP Harm Regen+ rCorr}
  3952 | D:5      | Found Qiom's Distillery.
  3956 | D:5      | Reached XP level 9. HP: 84/84 MP: 8/8
  3962 | D:5      | Noticed Eustachio
  3995 | D:5      | Killed Eustachio
  4569 | D:6      | Found Uxa Abi's Distillery.
  4649 | D:6      | Acquired 966 gold pieces
  4754 | D:6      | Bought a potion of experience for 700 gold pieces
  4755 | D:6      | Reached skill level 15 in Axes
  4755 | D:6      | Reached XP level 10. HP: 92/92 MP: 9/9
  5211 | D:7      | Noticed Pikel
  5225 | D:7      | Killed Pikel
  5225 | D:7      | Reached **** piety under Okawaru
  5523 | D:7      | Found a shadowy altar of Dithmenos.
  5603 | D:7      | Found an opulent altar of Gozag.
  5665 | D:7      | Found a runed translucent door.
  5666 | D:7      | Noticed Crazy Yiuf
  5673 | D:7      | Killed Crazy Yiuf
  5834 | D:8      | Noticed a two-headed ogre
  5842 | D:8      | Killed a two-headed ogre
  5843 | D:8      | Reached skill level 10 in Fighting
  5843 | D:8      | Reached skill level 1 in Invocations
  6001 | D:8      | Identified the +0 barding of Middiw {Rampage rF+}
  6084 | D:8      | Found Yxtu's Weapon Emporium.
  6375 | D:8      | Reached ***** piety under Okawaru
  6376 | D:8      | Reached skill level 10 in Armour
  6387 | D:8      | Reached XP level 11. HP: 79/100 MP: 6/11
  6518 | D:8      | Found Siojeinu's Magic Scroll Shop.
  6900 | D:9      | Received a gift from Okawaru
  6940 | D:9      | Noticed a two-headed ogre
  6960 | D:9      | Killed a two-headed ogre
  7052 | D:9      | Noticed Joseph
  7075 | D:9      | Gained mutation: You occasionally shout uncontrollably at
                  | your foes. [a neqoxec]
  7081 | D:9      | Killed Joseph
  7125 | D:9      | Noticed a two-headed ogre
  7136 | D:9      | Killed a two-headed ogre
  7381 | D:10     | Entered Level 10 of the Dungeon
  7391 | D:10     | Found a portal to a secret trove of treasure.
  7517 | D:10     | Noticed Urug
  7527 | D:10     | Killed Urug
  7551 | D:10     | Found a transporter.
  7551 | D:10     | Noticed a two-headed ogre
  7552 | D:10     | Noticed NateTC's ghost (journeyman GrFi)
  7553 | D:10     | Noticed a two-headed ogre
  7553 | D:10     | Noticed a two-headed ogre
  7555 | D:10     | Noticed a two-headed ogre
  7565 | D:10     | Found a transporter.
  7943 | D:10     | Killed a two-headed ogre
  7945 | D:10     | Killed a two-headed ogre
  7947 | D:10     | Killed a two-headed ogre
  7974 | D:10     | Killed NateTC's ghost
  7980 | D:10     | Killed a two-headed ogre
  7981 | D:10     | Reached XP level 12. HP: 98/110 MP: 8/14
  8258 | D:11     | Noticed a boulder beetle
  8445 | D:11     | Killed a boulder beetle
  8493 | D:11     | Reached skill level 5 in Invocations
  9029 | D:11     | Found a staircase to the Lair.
  9200 | D:11     | Found a staircase to the Orcish Mines.
  9300 | Lair:1   | Entered Level 1 of the Lair of Beasts
  9310 | Lair:1   | Noticed Erica
  9342 | Lair:1   | Killed Erica
  9523 | Lair:1   | Found a runed translucent gate.
  9527 | Lair:1   | Found a runed translucent gate.
  9527 | Lair:1   | Found a runed translucent gate.
  9528 | Lair:1   | Noticed an 11-headed hydra
  9528 | Lair:1   | Noticed Mihiasuf's ghost (journeyman MeEE)
  9542 | Lair:1   | Received a gift from Okawaru
  9551 | Lair:1   | Noticed a boulder beetle
  9586 | Lair:1   | Killed a boulder beetle
  9653 | Lair:1   | Found a gate leading to a gauntlet.
  9654 | Lair:1   | Noticed a boulder beetle
  9673 | Lair:1   | Reached skill level 10 in Shields
  9677 | Lair:1   | Killed a boulder beetle
  9684 | Gauntlet | Entered a Gauntlet
  9684 | Gauntlet | Found a transporter.
  9695 | Gauntlet | Found a transporter.
  9714 | Gauntlet | Found a transporter.
  9720 | Gauntlet | Found a transporter.
  9720 | Gauntlet | Noticed a blizzard demon
  9744 | Gauntlet | Found a transporter.
  9759 | Gauntlet | Found a transporter.
  9759 | Gauntlet | Noticed a blizzard demon
  9792 | Gauntlet | Found a transporter.
  9793 | Gauntlet | Noticed a blizzard demon
  9806 | Gauntlet | Noticed a quicksilver ooze
  9807 | Gauntlet | Found a transporter.
  9819 | Gauntlet | Found a transporter.
  9819 | Gauntlet | Noticed a green death
  9831 | Gauntlet | Found a transporter.
  9849 | Gauntlet | Found a transporter.
  9869 | Gauntlet | Found a transporter.
  9871 | Gauntlet | Found a transporter.
  9907 | Gauntlet | Found a transporter.
  9914 | Gauntlet | Gained mutation: You frequently scream uncontrollably at
                  | your foes. [a neqoxec]
  9930 | Gauntlet | Found a transporter.
  9930 | Gauntlet | Found a transporter.
  9949 | Gauntlet | Found a transporter.
  9969 | Gauntlet | Found a transporter.
 10036 | Gauntlet | Identified the ring of Syndicalism {Wiz Str+9}
 10151 | Gauntlet | Identified the +1 helmet of Tinan {+Blink}
 10198 | Gauntlet | Identified the +4 great sword of the Winnowing Gods
                  | {freeze, Int+3}
 10198 | Gauntlet | Noticed a minotaur
 10209 | Gauntlet | Killed a minotaur
 10429 | Lair:1   | Killed a 14-headed hydra
 10430 | Lair:1   | Reached XP level 13. HP: 112/119 MP: 7/15
 10433 | Lair:1   | Killed Mihiasuf's ghost
 10434 | Lair:1   | Reached skill level 1 in Throwing
 11215 | Lair:2   | Noticed Nergalle
 11225 | Lair:2   | Killed Nergalle
 11738 | Lair:3   | Received a gift from Okawaru
 11762 | Lair:3   | Found a staircase to the Shoals.
 11955 | Lair:3   | Found a staircase to the Snake Pit.
 13106 | Lair:4   | Found a staircase to the Slime Pits.
 13156 | Lair:5   | Entered Level 5 of the Lair of Beasts
 13168 | Lair:5   | Reached skill level 5 in Throwing
 13171 | Lair:5   | Received a gift from Okawaru
 13278 | Lair:5   | Reached XP level 14. HP: 99/130 MP: 16/16
 13341 | Lair:5   | HP: 6/132 [poisoned by a swamp dragon (poison gas)]
 13942 | Lair:5   | Received a gift from Okawaru
 14459 | Orc:1    | Entered Level 1 of the Orcish Mines
 14459 | Orc:1    | Noticed Maurice
 14463 | Orc:1    | Noticed Fannar
 14464 | Orc:1    | Found a runed translucent door.
 14466 | Orc:1    | Found a shimmering altar of Xom.
 14466 | Orc:1    | Noticed Ybuibof's ghost (journeyman DEHu)
 14472 | Orc:1    | Killed Fannar
 14483 | Orc:1    | Reached skill level 15 in Fighting
 14486 | Orc:1    | Killed Maurice
 14490 | Orc:1    | Killed Ybuibof's ghost
 14491 | Orc:1    | Reached skill level 15 in Armour
 14550 | Orc:1    | Noticed Sonja
 14553 | Orc:1    | Killed Sonja
 14753 | Orc:2    | Entered Level 2 of the Orcish Mines
 14753 | Orc:2    | Found a staircase to the Elven Halls.
 15061 | Orc:2    | Found Polaesod's General Store.
 15062 | Orc:2    | Found Ytoc's Distillery.
 15112 | Orc:2    | Gained mutation: You occasionally lose the ability to drink
                  | potions when taking damage. [a neqoxec]
 15113 | Orc:2    | Received a gift from Okawaru
 15126 | Orc:2    | Received a gift from Okawaru
 15163 | Orc:2    | Reached XP level 15. HP: 66/143 MP: 17/17
 15183 | Orc:2    | Found Upa Ihag's Book Emporium.
 15183 | Orc:2    | Found a one-way gate leading to the halls of Pandemonium.
 15183 | Orc:2    | Found Miqit's Antique Weapon Shoppe.
 15272 | Orc:2    | Bought a scroll of enchant armour for 97 gold pieces
 15616 | Orc:2    | Bought 2 potions of flight for 90 gold pieces
 15618 | Orc:2    | Bought a potion of curing for 45 gold pieces
 15618 | Orc:2    | Bought a potion of heal wounds for 75 gold pieces
 15871 | Snake:1  | Entered Level 1 of the Snake Pit
 16045 | Snake:1  | Identified the +8 broad axe of Scorn {freeze, rN+ Str+3
                  | Dex+4} (Okawaru gifted it to you on level 1 of the Snake
                  | Pit)
 16045 | Snake:1  | Received a gift from Okawaru
 16176 | Snake:1  | Reached ****** piety under Okawaru
 16471 | Snake:1  | Identified the +1 war axe of Numo Hitt {drain, rF+ rC+ rN+}
                  | (Okawaru gifted it to you on level 1 of the Snake Pit)
 16471 | Snake:1  | Received a gift from Okawaru
 16502 | Arena    | Entered the Arena
 16524 | Snake:1  | Reached skill level 15 in Shields
 16978 | Snake:1  | Found a runed translucent gate.
 16978 | Snake:1  | Found a runed translucent gate.
 16978 | Snake:1  | Found a runed translucent gate.
 16981 | Snake:1  | Found an opulent altar of Gozag.
 16995 | Snake:1  | Found Weun Hov's Assorted Antiques.
 16995 | Snake:1  | Noticed Sobieck's ghost (adept KoBr)
 17022 | Snake:1  | Killed Sobieck's ghost
 17022 | Snake:1  | Received a gift from Okawaru
 17075 | Snake:1  | Bought a twisted brass ring for 170 gold pieces
 17317 | Snake:2  | Noticed Vashnia
 17375 | Snake:2  | Killed Vashnia
 17375 | Snake:2  | Received a gift from Okawaru
 17542 | Snake:2  | Received a gift from Okawaru
 17638 | Snake:2  | Reached XP level 16. HP: 149/155 MP: 20/20
 19111 | Snake:4  | Entered Level 4 of the Snake Pit
 19184 | Snake:4  | Identified the +1 robe of Oki Muac {rF+ rC+ rCorr Str-4}
                  | (Okawaru gifted it to you on level 4 of the Snake Pit)
 19184 | Snake:4  | Received a gift from Okawaru
 19432 | Snake:4  | Found Meolafae's Jewellery Shoppe.
 19432 | Snake:4  | Found Qugruyq's Book Shop.
 19437 | Snake:4  | Found Nuenen's Jewellery Shoppe.
 20116 | Snake:4  | Reached XP level 17. HP: 120/166 MP: 23/23
 20155 | Snake:4  | Reached skill level 10 in Invocations
 20232 | Snake:4  | Identified the +9 broad axe of Indomitability {elec, rF+}
                  | (Okawaru gifted it to you on level 4 of the Snake Pit)
 20232 | Snake:4  | Received a gift from Okawaru
 20271 | Snake:4  | Got a serpentine rune of Zot
 20466 | Snake:4  | Bought a ring of willpower for 400 gold pieces
 20467 | Snake:4  | Upgraded the game from 0.30-a0-1157-g2cc9ac7196 to
                  | 0.30-a0-1160-g6e42c06551
 20962 | D:12     | Found a broken altar of Ashenzari.
 21185 | D:12     | Noticed Azrael
 21197 | D:12     | Killed Azrael
 21851 | D:13     | Identified the +0 ring mail "Zijytun" {rF+ rN+++}
 22022 | D:13     | Noticed Snorg
 22033 | D:13     | Killed Snorg
 22261 | D:13     | Found a glowing golden altar of the Shining One.
 22645 | D:14     | Received a gift from Okawaru
 22855 | D:14     | Found a gate to the Vaults.
 22942 | D:14     | Identified the staff of cold "Feeter" {rC+ Dex+3}
 22964 | D:14     | Identified the +1 storm dragon scales of the Monkey {Contam
                  | rElec Dex+2 Slay+5}
 23075 | D:15     | Entered Level 15 of the Dungeon
 23135 | D:15     | Found a staircase to the Depths.
 23148 | D:15     | Received a gift from Okawaru
 23286 | D:15     | Found Nurrisma's Magic Scroll Boutique.
 23670 | D:15     | Found an ancient bone altar of Kikubaaqudgha.
 24110 | Shoals:1 | Entered Level 1 of the Shoals
 24254 | Shoals:1 | Noticed Josephine
 24265 | Shoals:1 | Killed Josephine
 24938 | Shoals:2 | Received a gift from Okawaru
 25159 | Shoals:2 | Received a gift from Okawaru
 25168 | Shoals:2 | Reached XP level 18. HP: 108/178 MP: 24/24
 25445 | Shoals:2 | Noticed Jorgrun
 25453 | Shoals:2 | Killed Jorgrun
 25459 | Shoals:2 | Received a gift from Okawaru
 26748 | Shoals:4 | Entered Level 4 of the Shoals
 26755 | Shoals:4 | Received a gift from Okawaru
 26934 | Shoals:4 | Slain by a snapping turtle

Illustrated notes

Levels and vault maps discovered:
D:1:      dpeg_arrival_solitude, layout_loops_corners,
          hellmonk_ecumenical_altar_blasted, minmay_lizard_pond
D:2:      layout_basic, serial_shops, shop
D:3:      layout_rooms, chequers_temple_overflow_statue_of_worship,
          serial_shops, shop_fountains, biasface_ghost_orc_armoury,
          nrook_loot_triangle
D:4:      layout_basic
D:5:      layout_loops_cross, minmay_temple_entry_mini_moons, serial_shops,
          shop, enter_ossuary_2, uniq_prince_ribbit1, uniq_eustachio
D:6:      layout_basic, serial_shops, shop
D:7:      layout_cave_pools, nicolae_dithmenos_through_a_glass_darkly,
          nicolae_gozag_cash_rules_everything_around_me, corexii_checkpoint_a,
          uniq_pikel, uniq_crazy_yiuf_cottage
D:8:      layout_loops_corners, serial_undead, serial_undead_e, serial_undead_a,
          serial_undead_f, serial_undead_e, serial_shops, shop,
          nicolae_stop_n_shop_1, amcnicky_mini_pool_small
D:9:      layout_rooms, uniq_joseph
D:10:     layout_basic, enter_trove_1, gammafunk_ghost_smash, uniq_urug
D:11:     layout_loops_corners, lair_entry_dummy, erik_orc_2, serial_glass,
          glass_columns_a, glass_columns_a, glass_columns_b, glass_columns_b
D:12:     layout_layer_cave, st_stairs_9, hangedman_decor_push,
          ashenzari_altar_1, uniq_azrael
D:13:     layout_irregular_city, tso_altar, uniq_snorg
D:14:     layout_rooms, david_vaults_4, reono_crystal_passage,
          minmay_protected_statue
D:15:     gammafunk_depths_entry_grave, layout_stronghold, serial_shops,
          nicolae_shop_window_shopping, nicolae_kikubaaqudgha_miasma_corner
Temple:   minmay_crystal_spiral_temple
Lair:1:   layout_regular_city, gammafunk_ghost_hydra_chop,
          gauntlet_entry_generic, uniq_erica
Lair:2:   layout_regular_city, uniq_nergalle
Lair:3:   layout_cave_shapes, nicolae_shoals_entry_flooding,
          minmay_snake_entry_six_corridors
Lair:4:   layout_roguey, minmay_slime_entry_oklob_enclosed
Lair:5:   hangedman_lair_caniforms_friends, layout_small_grid,
          guppyfry_lair_end_dragon, infiniplex_staircase_pool_2
Shoals:1: layout_shoals, uniq_josephine
Shoals:2: cheibrodos_shoals_oceanic_diplomacy, layout_shoals, uniq_jorgrun
Shoals:3: layout_shoals, nicolae_shoals_aquamancer_cove
Shoals:4: shoals_end_simple, layout_shoals
Snake:1:  layout_basic, ebering_ghost_gozag,
          nicolae_snake_ghostly_warrior_ritual
Snake:2:  layout_onion_interference, serial_bayou_shore_b, uniq_vashnia
Snake:3:  layout_cave_shapes, nicolae_snake_linked_coils,
          nicolae_large_snake_swirl, grunt_megastairs_2
Snake:4:  snake_pit_salamanders_mu, layout_cave_town, lemuel_fruit_tree,
          minmay_shop_grove
Orc:1:    layout_caves, ebering_ghost_xom, uniq_maurice, uniq_sonja,
          uniq_fannar, uniq_erolcha
Orc:2:    pf_orc_diabolical, layout_diamond_mine

Skill      XL: |  1  2  3  4  5  6  7  8  9 10 11 12 13 14 15 16 17 18 |
---------------+-------------------------------------------------------+-----
Axes           | 3 10 11 12 15 16 17 18 | 18.0
Fighting       | 4 8 9 10 11 12 13 15 17 18 19 20 | 20.1
Armour         | 4 5 6 9 10 11 12 13 15 17 18 19 20 | 20.1
Shields        | 4 5 6 7 8 10 12 14 15 17 18 19 | 19.1
Invocations    | 2 4 5 7 9 10 | 10.0
Throwing       | 5 6 7 |  7.4

Action                     |  1- 3 |  4- 6 |  7- 9 | 10-12 | 13-15 | 16-18 || total
---------------------------+-------+-------+-------+-------+-------+-------++-------
  Melee: War axe           |    68 |    54 |   206 |   657 |     3 |       ||   988
         Headbutt          |     8 |     8 |    52 |   143 |   141 |   200 ||   552
         Broad axe         |       |       |       |       |   692 |   759 ||  1451
  Throw: Dart              |     8 |       |     6 |    14 |    12 |     2 ||    42
         Boomerang         |       |       |     4 |       |       |       ||     4
         Javelin           |       |       |       |    29 |    14 |    37 ||    80
 Invoke: Heroism           |       |       |     1 |    17 |    11 |    14 ||    43
         Finesse           |       |       |       |     3 |     2 |     2 ||     7
         Duel              |       |       |       |       |     1 |       ||     1
  Evoke: Phial of floods   |       |       |       |     1 |       |       ||     1
         Wand              |       |       |       |       |       |     1 ||     1
    Use: Scroll            |    10 |       |    10 |     8 |    14 |     2 ||    44
         Potion            |     1 |     1 |     1 |    12 |     9 |       ||    24
   Stab: Invisible         |       |       |       |     1 |       |       ||     1
 Armour: Scale mail        |    42 |     3 |       |       |       |       ||    45
         Ring mail         |       |     5 |    64 |    88 |       |       ||   157
         Plate armour      |       |       |       |    61 |   247 |   102 ||   410
         Storm dragon scal |       |       |       |       |       |    80 ||    80
  Dodge: Dodged            |    36 |     9 |    46 |   190 |   241 |   163 ||   685
  Block: Buckler           |    11 |       |       |       |       |       ||    11
         Kite shield       |    10 |    22 |    89 |   386 |   688 |   636 ||  1831
         Reflection        |       |       |       |     6 |    43 |   135 ||   184

Table legend: (Time is in decaauts)
 A = Elapsed time spent in this place.
 B = Non-inter-level travel time spent in this place.
 C = Inter-level travel time spent in this place.
 D = Time resting spent in this place.
 E = Time spent auto-exploring this place.
 F = Levels seen in this place.
 G = Mean time per level.
                   A        B        C        D        E       F      G
               +--------+--------+--------+--------+--------+-----+--------+
         Total |  26717 |  24835 |   1882 |    542 |  16369 |  34 |  785.8 |
       Dungeon |  12341 |  11463 |    878 |    144 |   8198 |  15 |  822.7 |
        Temple |    211 |    127 |     84 |      0 |    112 |   1 |  211.0 |
          Lair |   4678 |   4299 |    379 |     68 |   2711 |   5 |  935.6 |
        Shoals |   2752 |   2668 |     84 |     68 |   1935 |   4 |  688.0 |
     Snake Pit |   4578 |   4287 |    291 |    218 |   2625 |   4 | 1144.5 |
  Orcish Mines |   1322 |   1157 |    165 |      0 |    748 |   2 |  661.0 |
       Ossuary |    200 |    200 |      0 |      0 |     28 |   1 |  200.0 |
      Gauntlet |    620 |    620 |      0 |     44 |     12 |   1 |  620.0 |
         Arena |     12 |     12 |      0 |      0 |      0 |   1 |   12.0 |
               +--------+--------+--------+--------+--------+-----+--------+

Top non-repeatable levels by time:
 Snake:1: 1433 daAuts
    D:11: 1429 daAuts
 Snake:4: 1384 daAuts
  Lair:5: 1212 daAuts
     D:1: 1107 daAuts
    D:12: 1083 daAuts
     D:6: 1037 daAuts
 Snake:2: 1036 daAuts
     D:8: 991 daAuts
   Orc:2: 979 daAuts
  Lair:1: 951 daAuts
Shoals:3: 923 daAuts
  Lair:2: 890 daAuts
  Lair:4: 885 daAuts
Shoals:2: 867 daAuts
